 Dungeon Sprint DCSS version 0.21-a0-47-g7c8f537 (webtiles) character file.

226 Kidiri the Ruffian (level 5, -1/54 HPs)
             Began as a Troll Monk on June 8, 2017.
             Slain by an ice beast (7 damage)
             ... in the Dungeon (Sprint IX: "|||||||||||||||||||||||||||||").
             The game lasted 00:01:08 (164 turns).

Kidiri the Ruffian (Troll Monk)                      Turns: 164, Time: 00:01:09

Health: -1/54      AC:  6    Str: 19    XL:     5   Next: 69%
Magic:  5/5        EV: 13    Int:  9    God:    Xom [..*...]
Gold:   0          SH:  0    Dex: 16    Spells: 4/4 levels left

rFire    . . .     SeeInvis .     - Unarmed
rCold    . . .     Gourm    +   (no shield)
rNeg     . . .     Faith    .   a - +0 robe
rPois    .         Spirit   .   (helmet restricted)
rElec    .         Reflect  .   n - +0 cloak
rCorr    .         Harm     .   (gloves unavailable)
MR       .....     NoTele   +   (boots unavailable)
Stlth    +++.......             (no amulet)
Regen    0.6/turn               p - +3 ring of dexterity
MPRegen  0.1/turn               o - +3 ring of intelligence

@: lethally poisoned (-1 -> -1)
A: unfitting armour, claws 3, fast metabolism 3, gourmand, regeneration 1,
shaggy fur 1, tough skin 2
a: Renounce Religion


You were in the Dungeon.
You worshipped Xom.
You were a toy of Xom.
You were not hungry.

You visited 1 branch

Inventory:

Armour
 a - a +0 robe (worn)
 n - a +0 cloak (worn)
Jewellery
 o - a +3 ring of intelligence (right claw)
 p - a +3 ring of dexterity (left claw)
Wands
 m - a wand of lightning (7/15)
Scrolls
 h - 2 scrolls of blinking
 k - 3 scrolls of remove curse
 l - 2 scrolls of amnesia
Potions
 c - a potion of invisibility
 d - 2 potions of heal wounds
 e - a potion of haste
 f - 4 potions of magic
 g - a potion of berserk rage
 j - 4 potions of curing
Comestibles
 b - 2 bread rations
 i - 10 chunks of flesh


   Skills:
 + Level 4.0 Fighting
 + Level 3.0 Armour
 * Level 5.3 Dodging
 * Level 3.6 Stealth
 * Level 6.6 Unarmed Combat
 + Level 2.0 Evocations


You had 4 spell levels left.
You didn't know any spells.

Dungeon Overview and Level Annotations

Branches:
Dungeon (1/1)

Altars:
Cheibriados
Dithmenos
Elyvilon
Fedhas
Gozag
Hepliaklqana
Kikubaaqudgha
Makhleb
Nemelex Xobeh
Okawaru
Qazlal
Ru
Sif Muna
Trog
Uskayaw
Vehumet
Wu Jian
Xom
Yredelemnul
Zin
The Shining One
Beogh
Jiyva
Lugonu


Innate Abilities, Weirdness & Mutations

You are too large for most types of armour.
You have claws for hands.
Your metabolism is lightning-fast.
You like to eat raw meat.
Your natural rate of healing is unusually fast.
You are covered in fur. (AC +1)
You have very tough skin. (AC +2)


Message History

The ice beast hits you but does no damage.
You closely miss the ice beast.
The ice beast is severely wounded.
The ice beast misses you.
You scratch the ice beast.
The ice beast is almost dead.
The ice beast hits you. The ice beast freezes you!
You completely miss the ice beast.
The ice beast is almost dead.
You feel sick. The ice beast hits you.
* * * LOW HITPOINT WARNING * * *
The ice beast freezes you!
* * * LOW HITPOINT WARNING * * *
You scratch the ice beast.
The ice beast is almost dead.
The ice beast hits you.
* * * LOW HITPOINT WARNING * * *
The ice beast freezes you!
You die... "This toy is broken." ▓.▓ w o c s ▓|▓ w o c s ▓)▓ k o F ▓.▓ k O m ▓[▓ w o Z k ▓[▓ w o ▓.▓ w o 5 m ▓.▓ J H ▓@▓ o C m ▓Y▓ O T t ▓.▓ o p c c ▓.▓ o C H

▓.▓
o D
▓.▓
o u
▓.▓
o D
▓+▓


l You could see an ice beast.

Vanquished Creatures
  A centaur (D)
  A killer bee (D)
  2 hounds (D)
  A worker ant (D)
  An adder (D)
  A dart slug (D)
  A leopard gecko (D)
  A goblin (D)
  2 hobgoblins (D)
  A quokka (D)
  A ball python (D)
  A giant cockroach zombie (D)
  A quokka zombie (D)
15 creatures vanquished.

Notes
Turn   | Place    | Note
-------+----------+-------------------------------------------
     0 | D        | Kidiri the Troll Monk began the quest for the Orb.
     0 | D        | Reached XP level 1. HP: 22/22 MP: 0/0
    26 | D        | Noticed a hound
    26 | D        | Noticed a worker ant
    35 | D        | Killed a hound
    35 | D        | Reached skill level 1 in Armour
    35 | D        | Reached skill level 4 in Unarmed Combat
    35 | D        | Reached XP level 2. HP: 15/31 MP: 1/1
    35 | D        | Reached XP level 3. HP: 18/37 MP: 2/2
    69 | D        | Found a roughly hewn altar of Beogh.
    69 | D        | Found a snail-covered altar of Cheibriados.
    69 | D        | Found a shadowy altar of Dithmenos.
    69 | D        | Found a white marble altar of Elyvilon.
    69 | D        | Found a blossoming altar of Fedhas.
    69 | D        | Found an opulent altar of Gozag.
    70 | D        | Found a hazy altar of Hepliaklqana.
    71 | D        | Found a viscous altar of Jiyva.
    72 | D        | Found an ancient bone altar of Kikubaaqudgha.
    73 | D        | Found a corrupted altar of Lugonu.
    74 | D        | Found a burning altar of Makhleb.
    75 | D        | Found a sparkling altar of Nemelex Xobeh.
    76 | D        | Found an iron altar of Okawaru.
    77 | D        | Found a stormy altar of Qazlal.
    78 | D        | Found a sacrificial altar of Ru.
    79 | D        | Found a deep blue altar of Sif Muna.
    80 | D        | Found a bloodstained altar of Trog.
    81 | D        | Found a hide-covered altar of Uskayaw.
    82 | D        | Found a radiant altar of Vehumet.
    83 | D        | Found an ornate altar of the Wu Jian Council.
    84 | D        | Found a shimmering altar of Xom.
    85 | D        | Found a basalt altar of Yredelemnul.
    86 | D        | Found a glowing silver altar of Zin.
    87 | D        | Found a glowing golden altar of the Shining One.
    92 | D        | Became a worshipper of Xom of Ineffable Intent
   120 | D        | Noticed a centaur
   120 | D        | Noticed a killer bee
   120 | D        | Noticed an ice beast
   126 | D        | Killed a centaur
   126 | D        | Reached skill level 5 in Unarmed Combat
   126 | D        | Reached skill level 1 in Evocations
   126 | D        | Reached XP level 4. HP: 48/48 MP: 3/3
   126 | D        | Reached XP level 5. HP: 54/54 MP: 4/4
   140 | D        | Reached skill level 5 in Dodging
   140 | D        | Reached skill level 6 in Unarmed Combat
   141 | D        | XOM: divination: detect creatures
   164 | D        | Slain by an ice beast

Vault maps used:
D:        linesprint

Skill      XL: |  1  2  3  4  5 |
---------------+----------------+-----
Fighting       | 3 4 |  4.0
Armour         | 1 2 3 |  3.0
Dodging        | 3 4 5 |  5.3
Stealth        | 2 3 |  3.6
Unarmed Combat | 4 5 6 |  6.6
Evocations     | 1 2 |  2.0

Action                   |  1- 3 |  4- 6 || total
-------------------------+-------+-------++-------
Melee: Unarmed           |    34 |    38 ||    72
       Punch             |       |     1 ||     1
  Use: Potion            |     2 |       ||     2
Armor: Robe              |     6 |    11 ||    17
Dodge: Dodged            |    17 |    24 ||    41
